 Dungeon Sprint DCSS version 0.19-a0-787-gcef06a7 (webtiles) character file.

25857 Mood the Bludgeoner (level 12, 94/118 HPs)
             Began as a Centaur Berserker on June 26, 2016.
             Was the Champion of Trog.
             Quit the game in the Dungeon (Sprint IX: "|||||||||||||||||||||||||||||").
             The game lasted 00:08:57 (3932 turns).

Mood the Bludgeoner (Centaur Berserker)             Turns: 3932, Time: 00:08:58

Health: 94/118     AC: 19    Str: 25    XL:     12   Next: 93%
Magic:  20/20      EV: 10    Int:  6    God:    Trog [******]
Gold:   1346       SH:  0    Dex:  9    Spells: 0 memorised, 11 levels left

rFire  x . .     SeeInvis .     y - +4 eveningstar (drain)
rCold  + + .     Gourm    .     H - +2 ice dragon armour
rNeg   . . .     Faith    .     (no shield)
rPois  +         Spirit   .     G - +1 helmet
rElec  .         Dismiss  .     n - +0 cloak
rCorr  .         Reflect  .     (no gloves)
SustAt .         Harm     .     (no barding)
MR     .....     NoTele   +     (no amulet)
Stlth  ..........               F - +2 ring of protection
                                E - ring of poison resistance

@: exhausted, slowed, not resistant to hostile enchantments, extremely
unstealthy
A: hooves 3, deformed body, speed 2, tough skin 3
a: Berserk, Trog's Hand, Brothers in Arms, Burn Spellbooks, Renounce Religion


You were in the Dungeon.
You worshipped Trog.
Trog was exalted by your worship.
You were not hungry.

You visited 1 branch You collected 1906 gold pieces.
You spent 560 gold pieces at shops.

Inventory:

Hand Weapons
 a - a +0 dire flail of protection
 p - a +0 arbalest
 r - a +8 antimagic morningstar
 y - a +4 eveningstar of draining (weapon)
Missiles
 z - 101 bolts
Armour
 n - a +0 cloak (worn)
 G - a +1 helmet (worn)
 H - a +2 ice dragon armour (worn)
Jewellery
 D - an uncursed amulet of harm
 E - a ring of poison resistance (left hand)
 F - a +2 ring of protection (right hand)
Wands
 l - a wand of iceblast (7/15)
Scrolls
 i - 2 scrolls of blinking
 k - 3 scrolls of remove curse
 o - a scroll of fog
 s - 4 scrolls of enchant weapon
 v - 3 scrolls of identify
 w - a scroll of fear
 x - 2 scrolls of recharging
Potions
 d - 6 potions of curing
 e - 9 potions of heal wounds
 f - 3 potions of haste
 g - 4 potions of magic
 h - 2 potions of berserk rage
 j - a potion of invisibility
 m - a potion of brilliance
 t - a potion of cure mutation
Miscellaneous
 b - a lamp of fire
 u - a disc of storms
Comestibles
 c - 8 bread rations
 A - 40 fruits
 B - 12 meat rations


   Skills:
 + Level 14.5 Fighting
 * Level 20.9 Maces & Flails
 * Level 6.2 Crossbows
 + Level 9.8 Armour
 + Level 6.3 Dodging
 + Level 10.8 Evocations


You had 11 spell levels left.
You didn't know any spells.

Dungeon Overview and Level Annotations

Branches:
Dungeon (1/1)

Altars:
Cheibriados
Dithmenos
Elyvilon
Fedhas
Gozag
Hepliaklqana
Kikubaaqudgha
Makhleb
Nemelex Xobeh
Okawaru
Pakellas
Qazlal
Ru
Sif Muna
Trog
Uskayaw
Vehumet
Xom
Yredelemnul
Zin
The Shining One
Beogh
Jiyva
Lugonu

Shops:
D }%([


Innate Abilities, Weirdness & Mutations

You have hooves in place of feet.
Armour fits poorly on your strangely shaped body.
You cover ground very quickly.
You have extremely tough skin. (AC +3)


Message History

The swamp drake is lightly wounded.
You thump the swamp drake! You kick the swamp drake!
The swamp drake is almost dead.
The swamp drake barely misses you.
You puncture the swamp drake!
You feel the power of Trog in you as your rage grows.
You kill the swamp drake!
Trog accepts your kill.
Things that are here:
a spear; a giant leech corpse; a spriggan corpse You feel a strong urge to attack something.
You see here a runed halberd {god gift}.
Things that are here:
a spear; a glowing buckler; a wasp corpse You feel your anger subside.
You are no longer berserk.
You are exhausted.
You feel yourself slow down.
z - 101 bolts (gained 17)
There is an open door to the Swamp here.
Are you sure you want to abandon this character and quit the game? (Confirm with "yes".)

♣.♣.▓.▓.▓.▓.▓.▓.▓_
♣.♣.▓.▓.▓.▓.▓÷▓.▓_
♣.♣.▓=▓.▓.▓.▓'▓.▓_
♣)♣.▓[▓.▓)▓(▓†▓.▓_
♣.♣.▓[▓.▓)▓.▓.▓.▓_
♣)♣.▓[▓.▓)▓(▓.▓.▓_
♣)♣.▓.▓.▓)▓.▓.▓.▓_
♣)♣.▓[▓.▓)▓(▓.▓.▓_
♣@♣.▓[▓.▓.▓.▓.▓.▓_
▓.▓.▓.▓.▓)▓.▓.▓.▓_
▓.▓.▓.▓.▓)▓)▓†▓.▓_
▓.▓.▓)▓.▓)▓.▓.▓.▓_
▓.▓.▓)▓.▓[▓.▓'▓.▓_
▓.▓.▓)▓.▓)▓.▓.▓.▓_
▓)▓.▓)▓.▓)▓.▓.▓.▓_
▓÷▓.▓)▓.▓)▓.▓.▓.▓_
▓)▓.▓)▓.▓)▓.▓.▓.▓_


There were no monsters in sight!

Vanquished Creatures
  Azrael (D)
  2 ettins (D)
  2 hydras (D)
  A death knight (D)
  2 anacondas (D)
  An alligator (D)
  4 orc high priests (D)
  2 shock serpents (D)
  Nergalle (D)
  An unseen horror (D)
  A wizard (D)
  A spriggan druid (D)
  A lindwurm (D)
  3 orc knights (D)
  A mana viper (D)
  2 elephants (D)
  Joseph (D)
  3 black mambas (D)
  A naga mage (D)
  A gargoyle (D)
  A spiny frog (D)
  A rime drake (shapeshifter) (D)
  A yaktaur (D)
  2 komodo dragons (D)
  A troll (D)
  A giant leech (D)
  2 spriggans (D)
  A shadow (D)
  A yak (D)
  2 hippogriffs (D)
  A wraith (D)
  2 fire elementals (D)
  A mottled dragon (D)
  2 wargs (D)
  A water moccasin (D)
  6 hell hounds (D)
  A porcupine (D)
  2 swamp drakes (D)
  2 sky beasts (D)
  3 orc warriors (D)
  An ice beast (D)
  2 wasps (D)
  3 wolves (D)
  2 crocodiles (D)
  A giant frog (D)
  A wight (D)
  2 crimson imps (D)
  3 orc wizards (D)
  10 orc priests (D)
  2 iguanas (D)
  A gnoll (D)
  2 shadow imps (D)
  2 adder skeletons (D)
  A giant gecko (D)
  8 orcs (D)
  A bat (D)
  A quokka (D)
  A giant newt (D)
  A goblin (D)
  A kobold (D)
112 creatures vanquished.

Vanquished Creatures (collateral kills)
  2 ettins (D)
  An ogre mage (D)
  A deep troll shaman (D)
  2 orc high priests (D)
  An orc knight (D)
  An ugly thing (D)
  A spiny frog (D)
  A yak (D)
  A hippogriff (D)
  A porcupine (D)
  4 orc warriors (D)
16 creatures vanquished.

Vanquished Creatures (others)
  A wasp (D)
1 creature vanquished.

Grand Total: 129 creatures vanquished

Notes
Turn   | Place    | Note
--------------------------------------------------------------
     0 | D        | Mood the Centaur Berserker began the quest for the Orb.
     0 | D        | Reached XP level 1. HP: 19/19 MP: 1/1
     5 | D        | Reached skill level 3 in Maces & Flails
     5 | D        | Reached XP level 2. HP: 27/27 MP: 2/2
    11 | D        | Reached ** piety under Trog
    15 | D        | Reached skill level 4 in Maces & Flails
    56 | D        | Noticed a crimson imp
    62 | D        | Reached *** piety under Trog
    62 | D        | Reached skill level 5 in Maces & Flails
    62 | D        | Reached XP level 3. HP: 35/35 MP: 3/3
    64 | D        | Reached skill level 5 in Fighting
    64 | D        | Reached skill level 6 in Maces & Flails
    64 | D        | Reached XP level 4. HP: 42/42 MP: 4/4
    70 | D        | Reached **** piety under Trog
    70 | D        | Reached skill level 7 in Maces & Flails
   103 | D        | Found a glowing silver altar of Zin.
   103 | D        | Found a glowing golden altar of the Shining One.
   103 | D        | Found an ancient bone altar of Kikubaaqudgha.
   103 | D        | Found a basalt altar of Yredelemnul.
   103 | D        | Found a shimmering altar of Xom.
   103 | D        | Found a radiant altar of Vehumet.
   108 | D        | Found an iron altar of Okawaru.
   109 | D        | Found a burning altar of Makhleb.
   110 | D        | Found a deep blue altar of Sif Muna.
   111 | D        | Found a bloodstained altar of Trog.
   112 | D        | Found a sparkling altar of Nemelex Xobeh.
   113 | D        | Found a white marble altar of Elyvilon.
   114 | D        | Found a roughly hewn altar of Beogh.
   115 | D        | Found a viscous altar of Jiyva.
   116 | D        | Found a corrupted altar of Lugonu.
   117 | D        | Found a blossoming altar of Fedhas.
   118 | D        | Found a snail-covered altar of Cheibriados.
   119 | D        | Found a shadowy altar of Dithmenos.
   120 | D        | Found a stormy altar of Qazlal.
   121 | D        | Found an opulent altar of Gozag.
   122 | D        | Found a sacrificial altar of Ru.
   123 | D        | Found an oddly glowing altar of Pakellas.
   124 | D        | Found a hide-covered altar of Uskayaw.
   125 | D        | Found a hazy altar of Hepliaklqana.
   170 | D        | Noticed a hippogriff
   170 | D        | Noticed a troll
   173 | D        | Reached XP level 5. HP: 50/50 MP: 5/5
   177 | D        | Killed a troll
   177 | D        | Reached skill level 9 in Maces & Flails
   177 | D        | Reached XP level 6. HP: 60/60 MP: 5/8
   181 | D        | Killed a hippogriff
   181 | D        | Reached skill level 10 in Maces & Flails
   183 | D        | Reached ***** piety under Trog
   237 | D        | Noticed a water moccasin
   237 | D        | Noticed a sky beast
   237 | D        | Noticed a sky beast
   237 | D        | Noticed a mottled dragon
   237 | D        | Noticed a wraith
   244 | D        | Killed a wraith
   244 | D        | Reached XP level 7. HP: 68/68 MP: 8/10
   247 | D        | Reached skill level 11 in Maces & Flails
   252 | D        | Received a gift from Trog
   257 | D        | Reached skill level 5 in Evocations
   257 | D        | Reached XP level 8. HP: 78/78 MP: 9/11
   422 | D        | Noticed a four-headed hydra
   422 | D        | Noticed a komodo dragon
   425 | D        | Noticed a seven-headed hydra
   428 | D        | Reached skill level 12 in Maces & Flails
   437 | D        | Killed a komodo dragon
   439 | D        | Noticed a spiny frog
   440 | D        | Killed a four-headed hydra
   440 | D        | Reached skill level 10 in Fighting
   440 | D        | Reached skill level 13 in Maces & Flails
   440 | D        | Reached XP level 9. HP: 82/85 MP: 3/13
   443 | D        | Killed a seven-headed hydra
   443 | D        | Reached skill level 14 in Maces & Flails
   451 | D        | Received a gift from Trog
   453 | D        | Reached skill level 5 in Armour
   454 | D        | Killed a spiny frog
   628 | D        | Noticed an elephant
   628 | D        | Noticed a spiny frog
   628 | D        | Noticed an elephant
   628 | D        | Noticed a komodo dragon
   631 | D        | Killed a komodo dragon
   641 | D        | Killed an elephant
   641 | D        | Reached skill level 15 in Maces & Flails
   643 | D        | Reached XP level 10. HP: 89/95 MP: 15/15
   646 | D        | Killed a spiny frog
   649 | D        | Killed an elephant
   649 | D        | Reached skill level 5 in Dodging
   654 | D        | Noticed a lindwurm
   654 | D        | Reached ****** piety under Trog
   662 | D        | Killed a lindwurm
   800 | D        | Received a gift from Trog
   800 | D        | Reached skill level 16 in Maces & Flails
  1026 | D        | Noticed Joseph
  1038 | D        | Killed Joseph
  1158 | D        | Noticed an orc knight
  1165 | D        | Killed an orc knight
  1165 | D        | Received a gift from Trog
  1172 | D        | Noticed an ettin
  1183 | D        | Received a gift from Trog
  1189 | D        | Killed an ettin
  1189 | D        | Reached skill level 17 in Maces & Flails
  1189 | D        | Reached XP level 11. HP: 104/104 MP: 17/17
  1298 | D        | Noticed an orc knight
  1300 | D        | Noticed an orc knight
  1305 | D        | Killed an orc knight
  1307 | D        | Received a gift from Trog
  1308 | D        | Noticed an orc knight
  1315 | D        | Killed an orc knight
  1328 | D        | Killed an orc knight
  1330 | D        | Received a gift from Trog
  1671 | D        | Found Arhel's Antique Armour Boutique.
  1671 | D        | Noticed an orc high priest
  1671 | D        | Noticed an orc high priest
  1673 | D        | Noticed an orc high priest
  1673 | D        | Received a gift from Trog
  1676 | D        | Noticed an orc high priest
  1677 | D        | Killed an orc high priest
  1689 | D        | Killed an orc high priest
  1689 | D        | Reached skill level 18 in Maces & Flails
  1691 | D        | Found Peilawn's Antique Weapon Shop.
  1700 | D        | Killed an orc high priest
  1701 | D        | Killed an orc high priest
  1701 | D        | Received a gift from Trog
  1701 | D        | HP: 4/106 [ynoxinul/iron shot[an orc high priest] (24)]
  1935 | D        | Found Maytha Erro's Food Boutique.
  1938 | D        | Found Beuschan's Gadget Shop.
  1942 | D        | Noticed an orc high priest
  1944 | D        | Noticed an orc high priest
  1950 | D        | Noticed a sun demon
  1952 | D        | Killed an orc high priest
  1952 | D        | Reached skill level 10 in Evocations
  1956 | D        | Killed an orc high priest
  1956 | D        | Received a gift from Trog
  1986 | D        | Bought a lamp of fire for 560 gold pieces
  2395 | D        | Noticed a wizard
  2401 | D        | Noticed a death knight
  2406 | D        | Killed an unseen horror
  2407 | D        | Noticed a deep troll shaman
  2411 | D        | Noticed an ettin
  2415 | D        | Killed a wizard
  2418 | D        | Reached skill level 19 in Maces & Flails
  2423 | D        | Noticed an ogre mage
  2423 | D        | Killed a death knight
  2425 | D        | Received a gift from Trog
  2426 | D        | Noticed an ettin
  2434 | D        | Killed a deep troll shaman
  2438 | D        | Killed an ettin
  2438 | D        | Reached XP level 12. HP: 24/115 MP: 19/19
  2438 | D        | Killed an ogre mage
  2440 | D        | Killed an ettin
  2512 | D        | Received a gift from Trog
  2886 | D        | Noticed an ettin
  2898 | D        | HP: 5/172 [ettin/dire flail (12)]
  2899 | D        | Killed an ettin
  2899 | D        | Reached skill level 1 in Crossbows
  3286 | D        | Noticed Nergalle
  3293 | D        | Killed Nergalle
  3345 | D        | Noticed Azrael
  3360 | D        | Killed Azrael
  3360 | D        | Received a gift from Trog
  3360 | D        | Reached skill level 20 in Maces & Flails
  3551 | D        | Noticed an anaconda
  3551 | D        | Noticed an anaconda
  3558 | D        | Killed an anaconda
  3567 | D        | Killed an anaconda
  3570 | D        | Received a gift from Trog
  3577 | D        | Reached skill level 5 in Crossbows
  3582 | D        | Received a gift from Trog
  3897 | D        | Noticed an alligator
  3902 | D        | Killed an alligator
  3902 | D        | Received a gift from Trog
  3913 | D        | Received a gift from Trog
  3932 | D        | Quit the game

Vault maps used:
D:        linesprint

Skill      XL: |  1  2  3  4  5  6  7  8  9 10 11 12 |
---------------+-------------------------------------+-----
Maces & Flails | 3 5 6 7 9 10 11 13 15 17 19 20 | 20.9
Fighting       | 4 5 7 8 9 10 11 12 13 14 | 14.5
Dodging        | 2 3 4 5 6 |  6.3
Armour         | 2 3 4 5 6 8 9 |  9.8
Evocations     | 3 4 5 6 7 8 10 | 10.8
Crossbows      | 6 |  6.2

Action                   |  1- 3 |  4- 6 |  7- 9 | 10-12 || total
-------------------------+-------+-------+-------+-------++-------
Melee: Mace              |    19 |     6 |       |       ||    25
       Kick              |     2 |     7 |    14 |    68 ||    91
       Morningstar       |       |    18 |    35 |       ||    53
       Eveningstar       |       |       |    14 |   237 ||   251
Invok: Berserk           |     2 |     2 |     2 |    10 ||    16
       Brothers in Arms  |       |       |     1 |     5 ||     6
       Trog's Hand       |       |       |       |     2 ||     2
  Use: Scroll            |       |       |       |     1 ||     1
       Potion            |       |       |       |     1 ||     1
 Stab: Confused          |       |       |       |     4 ||     4
  Eat: Chunk             |       |     1 |     3 |     4 ||     8
       Bread ration      |       |       |       |     5 ||     5
Armor: Animal skin       |     6 |       |       |       ||     6
       Chain mail        |       |     7 |    14 |    28 ||    49
       Ice dragon armour |       |       |       |    35 ||    35
Dodge: Dodged            |     3 |     3 |     9 |    48 ||    63
